 Dungeon Crawl Stone Soup version 0.27.0-1-g7a089689b8 (webtiles) character file.

Game seed: 17042789818583037252

162 pkoi the Slasher (level 5, -1/45 HPs)
             Began as a Minotaur Monk on Aug 4, 2021.
             Was a Priest of Jiyva.
             Slain by an orc priest (6 damage)
             ... on level 3 of the Dungeon.
             The game lasted 00:02:38 (1852 turns).

pkoi the Slasher (Minotaur Monk)                    Turns: 1852, Time: 00:02:38

Health: -1/45      AC:  4    Str: 19    XL:     5   Next: 19%
Magic:  4/4        EV: 12    Int:  7    God:    Jiyva [***...]
Gold:   129        SH:  0    Dex: 12    Spells: 4/4 levels left

rFire    + . .     SeeInvis .   h - +5 long sword (elec)
rCold    + . .     Faith    .   (no shield)
rNeg     . . .     Spirit   .   b - +0 robe
rPois    +         Reflect  .   f - +2 hat
rElec    +         Harm     .   (no cloak)
rCorr    +         Rampage  .   (no gloves)
Will     .....                  (no boots)
Stlth    ++........             (no amulet)
HPRegen  0.15/turn              (no ring)
MPRegen  0.09/turn              (no ring)

@: resistant
A: horns 2, retaliatory headbutt, strong 1
a: Renounce Religion, Request Jelly


You were on level 3 of the Dungeon.
You worshipped Jiyva.
Jiyva was most pleased with you.
You visited 1 branch of the dungeon, and saw 3 of its levels.

You collected 129 gold pieces.

Inventory:

Hand Weapons
 a - a +0 falchion
 d - a +1 dagger of venom
 h - a +5 long sword of electrocution (weapon)
Missiles
 e - 8 javelins (quivered)
Armour
 b - a +0 robe (worn)
 f - a +2 hat (worn)
Scrolls
 g - a scroll of vulnerability {unknown}
 i - a scroll of enchant armour {unknown}
 j - 2 scrolls of identify {unknown}
Potions
 k - a potion of might {unknown}
 l - a potion of lignification {unknown}


   Skills:
 - Level 3.6 Fighting
 + Level 7.2 Long Blades
 - Level 3.2 Dodging
 - Level 1.5 Stealth


You had 4 spell levels left.
You didn't know any spells.
Your spell library was empty.

Dungeon Overview and Level Annotations

Branches:
Dungeon (3/15)

Altars:
Jiyva


Innate Abilities, Weirdness & Mutations

You have a pair of horns on your head.
You reflexively headbutt those who attack you in melee.
Your muscles are strong. (Str +2)


Message History

The orc wizard is lightly wounded.
The orc wizard completely misses you.
You riposte.
You closely miss the orc wizard. Your headbutt misses the orc wizard.
The orc wizard is lightly wounded.
You closely miss the orc wizard. Your headbutt misses the orc wizard.
The orc wizard is lightly wounded.
The orc wizard hits you with a +0 dagger.
You barely miss the orc wizard. Your headbutt misses the orc wizard.
The orc wizard is lightly wounded.
The orc wizard barely misses you.
You slash the orc wizard!
The orc wizard is severely wounded.
The orc wizard misses you.
You hit the orc wizard.
You kill the orc wizard!
You have reached level 5!
You barely miss the iguana. The iguana misses you.
You riposte.
You hit the iguana.
You headbutt the iguana, but do no damage.
The iguana is lightly wounded.
You closely miss the iguana.
You headbutt the iguana, but do no damage.
The iguana is lightly wounded.
The iguana bites you. x2
You slash the iguana! Lightning courses through the iguana!
You kill the iguana!
The orc priest begins to cast a cantrip, but forgets the words!
Your Long Blades skill increases to level 7!
The orc priest hits you with a +1 vorpal falchion.
* * * LOW HITPOINT WARNING * * *
x2
Items here: )) [[ ††.
You closely miss the orc priest. You headbutt the orc priest.
The orc priest is moderately wounded.
The orc priest hits you with a +1 vorpal falchion.
* * * LOW HITPOINT WARNING * * *
x2 Unknown command.
It was a potion of resistance.
You feel protected.
The orc priest hits you with a +1 vorpal falchion.
You die...

#.# #.# ##.## ##...##
... .<... ...... ...
#.#... #o# #####.##.##
#@# #.........# #.#
#..##.##.[# ##'##
#..##.##..# ##...##
#..##.##..# ##.....##
#..##..#..###.......#
#.........##.........#
...........'.........+
.........###.........#


You could see an orc priest.

Vanquished Creatures
  Jessica (D:3)
  An iguana (D:3)
  An orc wizard (D:3)
  2 adders (D:2)
  2 worms
  A dart slug (D:1)
  4 orcs (D:3)
  2 endoplasms
  4 giant cockroaches
  6 goblins
  4 hobgoblins
  6 jackals
  4 kobolds (D:2)
  3 quokkas (D:2)
  6 ball pythons
  2 frilled lizards (D:2)
  3 rats
52 creatures vanquished.

Vanquished Creatures (others)
  3 jellies (D:2)
  An adder (D:3)
  An endoplasm (D:3)
  3 orcs (D:3)
  A ball python (D:3)
  A goblin (D:3)
  2 hobgoblins (D:3)
  3 bats
  A kobold (D:3)
  A rat (D:2)
17 creatures vanquished.

Grand Total: 69 creatures vanquished

Notes
Turn   | Place    | Note
-------+----------+-------------------------------------------
     0 | D:1      | pkoi the Minotaur Monk began the quest for the Orb.
     0 | D:1      | Reached XP level 1. HP: 19/19 MP: 0/0
    84 | D:1      | Reached skill level 4 in Long Blades
   158 | D:1      | Reached XP level 2. HP: 24/26 MP: 1/1
   366 | D:1      | Identified a scroll of acquirement
   366 | D:1      | Acquired a +5 long sword of electrocution
   616 | D:2      | Reached skill level 5 in Long Blades
   880 | D:2      | Reached XP level 3. HP: 31/31 MP: 2/2
  1337 | D:2      | Found a faded altar of an unknown god.
  1358 | D:2      | Became a worshipper of Jiyva Juatia the Shapeless
  1358 | D:2      | Reached * piety under Jiyva
  1358 | D:2      | Reached ** piety under Jiyva
  1415 | D:2      | Reached *** piety under Jiyva
  1521 | D:3      | Reached skill level 6 in Long Blades
  1521 | D:3      | Reached XP level 4. HP: 39/39 MP: 3/3
  1640 | D:3      | Gained mutation: Your muscles are strong. (Str +2) [Jiyva's
                  | grace]
  1701 | D:3      | Noticed Jessica
  1708 | D:3      | Killed Jessica
  1847 | D:3      | Reached XP level 5. HP: 25/45 MP: 4/4
  1850 | D:3      | Reached skill level 7 in Long Blades
  1852 | D:3      | Slain by an orc priest

Illustrated notes

Levels and vault maps discovered:
D:1:      minmay_arrival_four_houses, layout_rooms
D:2:      layout_basic, chequers_ecumenical_altar_island, lemuel_old_faithful
D:3:      layout_loops_corners, uniq_jessica

Skill      XL: |  1  2  3  4  5 |
---------------+----------------+-----
Long Blades    | 4 5 6 7 |  7.2
Fighting       | |  3.6
Dodging        | |  3.2
Stealth        | |  1.5

Action                   |  1- 3 |  4- 6 || total
-------------------------+-------+-------++-------
Melee: Falchion          |    18 |       ||    18
       Headbutt          |     6 |     5 ||    11
       Long sword        |    42 |    25 ||    67
       Dagger            |     4 |       ||     4
  Use: Scroll            |     3 |       ||     3
       Potion            |       |     1 ||     1
 Stab: Sleeping          |     2 |     1 ||     3
Armor: Robe              |    11 |     5 ||    16
Dodge: Dodged            |    37 |    11 ||    48
       Rpst.: Long sword |    11 |     4 ||    15
